HSSL
MAIZE HS @ BROKEN ARROW HS
05/03/2026
 
TOP OF THE 1ST
Maize HS batting - Pitching for Broken Arrow HS : RHP Michael Crosby
Pitching: RHP Michael Crosby
Batting: RHB Jorge Molina 0-0: Called Strike
0-1: Ground out 2-3 (Groundball, 13S)
Batting: RHB Dan Osborne 0-0: Ball
1-0: Foul Ball, location: 2F
1-1: Ball
2-1: Ball
3-1: Called Strike
3-2: Strikes out looking
Batting: RHB Chris Wilson 0-0: Swinging Strike
0-1: Ball
1-1: Fly out, F8 (Flyball, 8LM)
Top of the 1st over - 0 run(s), 0 hit(s), 0 error(s), 0 left on base; Maize HS 0 - Broken Arrow HS 0
BOTTOM OF THE 1ST
Broken Arrow HS batting - Pitching for Maize HS : LHP Dan Thompson
Pitching: LHP Dan Thompson
Batting: LHB José Esparza 0-0: Foul Ball, location: 2F
0-1: Ball
1-1: Swinging Strike
1-2: Strikes out looking
Batting: SHB Pedro Sousa 0-0: Ball
1-0: SINGLE (Line Drive, 7S)
Batting: RHB Jon Bush 0-0: Foul Ball, location: 2F
0-1: Ball
1-1: Ball
2-1: Fly out, F8 (Flyball, 8RD)
Batting: RHB George Green 0-0: Called Strike
0-1: Ball
1-1: Ball
2-1: Foul Ball, location: 2F
2-2: Fly out, F9 (Flyball, 9LM)
Bottom of the 1st over - 0 run(s), 1 hit(s), 0 error(s), 1 left on base; Maize HS 0 - Broken Arrow HS 0
TOP OF THE 2ND
Maize HS batting - Pitching for Broken Arrow HS : RHP Michael Crosby
Batting: SHB Ricardo Gómez 0-0: Foul Ball, location: 2F
0-1: Foul Ball, location: 2F
0-2: Strikes out swinging
Batting: RHB Nelson Martínez 0-0: Ball
1-0: SINGLE (Line Drive, 89M)
Batting: SHB Tony Morrison 0-0: Grounds into double play, 5-4-3 (Groundball, 5)
Top of the 2nd over - 0 run(s), 1 hit(s), 0 error(s), 0 left on base; Maize HS 0 - Broken Arrow HS 0
BOTTOM OF THE 2ND
Broken Arrow HS batting - Pitching for Maize HS : LHP Dan Thompson
Batting: RHB David Adams 0-0: Called Strike
0-1: Called Strike
0-2: Ball
1-2: Strikes out looking
Batting: LHB António Chávez 0-0: SINGLE (Groundball, 34D)
Batting: SHB Philippe Paquin 0-0: Called Strike
0-1: Swinging Strike
0-2: Ball
1-2: Ball
2-2: Grounds into double play, 5-4-3 (Groundball, 56)
Bottom of the 2nd over - 0 run(s), 1 hit(s), 0 error(s), 0 left on base; Maize HS 0 - Broken Arrow HS 0
TOP OF THE 3RD
Maize HS batting - Pitching for Broken Arrow HS : RHP Michael Crosby
Batting: RHB Lorenzo Hernández 0-0: Ball
1-0: Swinging Strike
1-1: Foul Ball, location: 2F
1-2: Strikes out swinging
Batting: LHB Chad Aguilar 0-0: Called Strike
0-1: Ball
1-1: Ground out 4-3 (Groundball, 4)
Batting: LHB Dan Thompson 0-0: Ball
1-0: Called Strike
1-1: Called Strike
1-2: Strikes out swinging
Top of the 3rd over - 0 run(s), 0 hit(s), 0 error(s), 0 left on base; Maize HS 0 - Broken Arrow HS 0
BOTTOM OF THE 3RD
Broken Arrow HS batting - Pitching for Maize HS : LHP Dan Thompson
Batting: RHB Ronnie Starr 0-0: Swinging Strike
0-1: Fly out, F3 (Popup, 3)
Batting: RHB Chris Lancaster 0-0: Called Strike
0-1: Fly out, F8 (Flyball, 8RM)
Batting: LHB José Esparza 0-0: SINGLE (Line Drive, 78S)
Batting: SHB Pedro Sousa 0-0: Called Strike
0-1: Ball
1-1: Fielders Choice at 2nd, 6-4 (Groundball, 6)
Bottom of the 3rd over - 0 run(s), 1 hit(s), 0 error(s), 0 left on base; Maize HS 0 - Broken Arrow HS 0
TOP OF THE 4TH
Maize HS batting - Pitching for Broken Arrow HS : RHP Michael Crosby
Batting: RHB Jorge Molina 0-0: SINGLE (Flyball, 9S)
Batting: RHB Dan Osborne 0-0: Ball
Jorge Molina is caught stealing 2nd base
1-0: Foul Ball, location: 2F
1-1: Fly out, F7 (Flyball, 7LMF)
Batting: RHB Chris Wilson 0-0: Called Strike
0-1: Foul Ball, location: 2F
0-2: Foul Ball, location: 2F
0-2: Fly out, F7 (Flyball, 78M)
Top of the 4th over - 0 run(s), 1 hit(s), 0 error(s), 0 left on base; Maize HS 0 - Broken Arrow HS 0
BOTTOM OF THE 4TH
Broken Arrow HS batting - Pitching for Maize HS : LHP Dan Thompson
Batting: RHB Jon Bush 0-0: Ball
1-0: Ball
2-0: Foul Ball, location: 2F
2-1: Ball
3-1: Ground out 5-3 (Groundball, 5L)
Batting: RHB George Green 0-0: Foul Ball, location: 2F
0-1: Ball
1-1: Ground out 5-3 (Groundball, 5S)
Batting: RHB David Adams 0-0: Called Strike
0-1: SINGLE (Groundball, 6MD)
Batting: LHB António Chávez 0-0: Called Strike
0-1: Swinging Strike
0-2: Ball
1-2: Strikes out swinging
Bottom of the 4th over - 0 run(s), 1 hit(s), 0 error(s), 1 left on base; Maize HS 0 - Broken Arrow HS 0
TOP OF THE 5TH
Maize HS batting - Pitching for Broken Arrow HS : RHP Michael Crosby
Batting: SHB Ricardo Gómez 0-0: Called Strike
0-1: Called Strike
0-2: Strikes out looking
Batting: RHB Nelson Martínez 0-0: Foul Ball, location: 2F
0-1: Called Strike
0-2: Strikes out swinging
Batting: SHB Tony Morrison 0-0: Fly out, F7 (Flyball, 78S)
Top of the 5th over - 0 run(s), 0 hit(s), 0 error(s), 0 left on base; Maize HS 0 - Broken Arrow HS 0
BOTTOM OF THE 5TH
Broken Arrow HS batting - Pitching for Maize HS : LHP Dan Thompson
Batting: SHB Philippe Paquin 0-0: Ball
1-0: DOUBLE (Line Drive, 78M)
Pitching: LHP Júlio Bernal
Batting: RHB Ronnie Starr 0-0: Ball
1-0: Ball
2-0: SINGLE (Groundball, 6MD) (infield hit)
Philippe Paquin to third
Batting: RHB Chris Lancaster 0-0: Swinging Strike
0-1: Called Strike
0-2: Ball
1-2: Strikes out looking
Batting: LHB José Esparza 0-0: Called Strike
0-1: Foul Ball, location: 2F
0-2: Ball
1-2: SINGLE (Groundball, 15S) (infield hit)
Ronnie Starr to second
Batting: SHB Pedro Sousa 0-0: Ball
1-0: Called Strike
1-1: Ball
2-1: Called Strike
2-2: Ball
3-2: Strikes out looking
Batting: RHB Jon Bush 0-0: Ball
1-0: Foul Ball, location: 2F
1-1: Foul Ball, location: 2F
1-2: Ball
2-2: Foul Ball, location: 2F
2-2: Fly out, F3 (Popup, 34)
Bottom of the 5th over - 0 run(s), 3 hit(s), 0 error(s), 3 left on base; Maize HS 0 - Broken Arrow HS 0
TOP OF THE 6TH
Maize HS batting - Pitching for Broken Arrow HS : RHP Michael Crosby
Batting: RHB Lorenzo Hernández 0-0: Foul Ball, location: 2F
0-1: Ball
1-1: Foul Ball, location: 2F
1-2: Foul Ball, location: 2F
1-2: Ground out 3-1 (Groundball, 34)
Batting: LHB Chad Aguilar 0-0: Ball
1-0: Ball
2-0: Ball
3-0: Called Strike
3-1: Foul Ball, location: 2F
3-2: Fly out, F8 (Line Drive, 8RS)
Batting: LHB Dan Thompson 0-0: Foul Ball, location: 2F
0-1: Ball
1-1: Swinging Strike
1-2: Ball
2-2: Ball
3-2: Strikes out swinging
Top of the 6th over - 0 run(s), 0 hit(s), 0 error(s), 0 left on base; Maize HS 0 - Broken Arrow HS 0
BOTTOM OF THE 6TH
Broken Arrow HS batting - Pitching for Maize HS : LHP Júlio Bernal
Batting: RHB George Green 0-0: SINGLE (Groundball, 56)
Batting: RHB David Adams 0-0: Called Strike
0-1: Fly out, F4 (Popup, 34D)
Batting: LHB António Chávez 0-0: Foul Ball, location: 2F
0-1: Ball
1-1: Ball
2-1: Foul Ball, location: 2F
2-2: Foul Ball, location: 2F
2-2: Ball
3-2: Base on Balls
George Green to second
Batting: SHB Philippe Paquin 0-0: Ball
1-0: Fielders Choice at 2nd, 6-4 (Groundball, 6)
George Green to third
Batting: RHB Ronnie Starr 0-0: Swinging Strike
0-1: SINGLE (Flyball, 89S)
George Green scores
Philippe Paquin to second
Batting: RHB Chris Lancaster 0-0: Swinging Strike
0-1: Foul Ball, location: 2F
0-2: Reached on error, E4 (Groundball, 4)
Philippe Paquin to third
Ronnie Starr to second
Batting: LHB José Esparza 0-0: Foul Ball, location: 2F
0-1: Ball
1-1: Called Strike
1-2: Strikes out swinging
Bottom of the 6th over - 1 run(s), 2 hit(s), 1 error(s), 3 left on base; Maize HS 0 - Broken Arrow HS 1
TOP OF THE 7TH
Maize HS batting - Pitching for Broken Arrow HS : RHP Michael Crosby
Batting: RHB Jorge Molina 0-0: Ball
1-0: Ball
2-0: Ball
3-0: Foul Ball, location: 2F
3-1: Called Strike
3-2: Foul Ball, location: 2F
3-2: Base on Balls
Batting: RHB Dan Osborne 0-0: Foul Ball, location: 2F
0-1: Called Strike
0-2: Ball
1-2: Ball
2-2: Fly out, F8 (Flyball, 8RM)
Batting: RHB Chris Wilson 0-0: Ball
1-0: Ball
2-0: Called Strike
2-1: 2-RUN HOME RUN (Flyball, 7LD), Distance : 360 ft
Batting: SHB Ricardo Gómez 0-0: Called Strike
0-1: Ball
1-1: Swinging Strike
1-2: Foul Ball, location: 2F
1-2: Ball
2-2: Strikes out looking
Batting: RHB Nelson Martínez 0-0: Ball
1-0: Ball
2-0: Ball
3-0: Called Strike
3-1: Foul Ball, location: 2F
3-2: Base on Balls
Pitching: RHP Jean-Pierre Matte
Batting: SHB Tony Morrison 0-0: Called Strike
0-1: Ball
Nelson Martínez steals 2nd base
1-1: Swinging Strike
1-2: Ball
2-2: Foul Ball, location: 2F
2-2: Ball
3-2: Foul Ball, location: 2F
3-2: Base on Balls
Batting: RHB Lorenzo Hernández 0-0: Called Strike
0-1: Ground out 1-3 (Groundball, 15)
Top of the 7th over - 2 run(s), 1 hit(s), 0 error(s), 2 left on base; Maize HS 2 - Broken Arrow HS 1
BOTTOM OF THE 7TH
Broken Arrow HS batting - Pitching for Maize HS : LHP Júlio Bernal
Pitching: RHP Travis Haney
Batting: SHB Pedro Sousa 0-0: Called Strike
0-1: Ball
1-1: Ball
2-1: Ball
3-1: Called Strike
3-2: Base on Balls
Batting: RHB Jon Bush 0-0: Ball
1-0: SINGLE (Line Drive, 6MD)
Pedro Sousa to second
Batting: RHB George Green 0-0: SINGLE (Line Drive, 89M)
Pedro Sousa to third
Jon Bush to second
Batting: RHB David Adams 0-0: Called Strike
0-1: Swinging Strike
0-2: Ball
1-2: Ball
2-2: DOUBLE (Line Drive, 7LM)
Pedro Sousa scores
Jon Bush scores
George Green to third
Batting: LHB António Chávez 0-0: Intentional Walk
Batting: SHB Philippe Paquin 0-0: Ball
1-0: Called Strike
1-1: Ball
2-1: Ball
3-1: Foul Ball, location: 2F
3-2: Reached on error, E4 (Groundball, 4)
George Green scores
David Adams to third
António Chávez to second
Pitching: RHP Edwin Rogers
Pinch Hitting: LHB Dennis Montgomery 0-0: Foul Ball, location: 2F
0-1: Ball
1-1: Fly out, F9 (Flyball, 89M)
Runner from 3rd tags up, SCORES, throw made
Batting: RHB Chris Lancaster 0-0: Called Strike
0-1: Swinging Strike
0-2: Strikes out looking
Batting: LHB José Esparza 0-0: Ball
1-0: Ball
2-0: SINGLE (Line Drive, 9LS)
António Chávez to third
Philippe Paquin to second
Runner from 3rd tries for Home, SAFE, no throw or cutoff
Batting: SHB Pedro Sousa 0-0: Ball
1-0: Called Strike
1-1: Ball
2-1: SINGLE (Line Drive, 9S)
Philippe Paquin to third
José Esparza to second
Runner from 3rd tries for Home, SAFE, no throw or cutoff
Batting: RHB Jon Bush 0-0: Ball
1-0: Called Strike
1-1: Foul Ball, location: 2F
1-2: Strikes out swinging
Bottom of the 7th over - 6 run(s), 5 hit(s), 1 error(s), 2 left on base; Maize HS 2 - Broken Arrow HS 7
TOP OF THE 8TH
Maize HS batting - Pitching for Broken Arrow HS : RHP Jean-Pierre Matte
Now in LF: Dennis Montgomery
Batting: LHB Chad Aguilar 0-0: Ball
1-0: Ground out 4-3 (Groundball, 4)
Batting: LHB Dan Thompson 0-0: Foul Ball, location: 2F
0-1: Foul Ball, location: 2F
0-2: Ball
1-2: Ball
2-2: Strikes out swinging
Batting: RHB Jorge Molina 0-0: Ball
1-0: Ground out 5-3 (Groundball, 5S)
Top of the 8th over - 0 run(s), 0 hit(s), 0 error(s), 0 left on base; Maize HS 2 - Broken Arrow HS 7
BOTTOM OF THE 8TH
Broken Arrow HS batting - Pitching for Maize HS : RHP Edwin Rogers
Batting: RHB George Green 0-0: Ball
1-0: Foul Ball, location: 2F
1-1: SINGLE (Groundball, 56)
Batting: RHB David Adams 0-0: Ball
1-0: Called Strike
1-1: Ball
2-1: Called Strike
2-2: Foul Ball, location: 2F
2-2: Ball
3-2: Grounds into double play, 4-6-3 (Groundball, 4)
Batting: LHB António Chávez 0-0: Ball
1-0: Called Strike
1-1: Fly out, F6 (Popup, 6D)
Bottom of the 8th over - 0 run(s), 1 hit(s), 0 error(s), 0 left on base; Maize HS 2 - Broken Arrow HS 7
TOP OF THE 9TH
Maize HS batting - Pitching for Broken Arrow HS : RHP Jean-Pierre Matte
Batting: RHB Dan Osborne 0-0: Swinging Strike
0-1: Ball
1-1: Ground out 4-3 (Groundball, 4M)
Batting: RHB Chris Wilson 0-0: Ball
1-0: Ball
2-0: Ball
3-0: Called Strike
3-1: Base on Balls
Batting: SHB Ricardo Gómez 0-0: Called Strike
0-1: Ball
1-1: SINGLE (Flyball, 8RS)
Chris Wilson to second
Batting: RHB Nelson Martínez 0-0: Ball
1-0: Ball
2-0: Swinging Strike
2-1: SINGLE (Line Drive, 6M)
Chris Wilson to third
Ricardo Gómez to second
Pitching: LHP Craig Caldwell
Batting: SHB Tony Morrison 0-0: Called Strike
0-1: Foul Ball, location: 2F
0-2: SINGLE (Groundball, 34D)
Chris Wilson scores
Ricardo Gómez to third
Nelson Martínez to second
Batting: RHB Lorenzo Hernández 0-0: Ball
1-0: Fly out, F8 (Flyball, 8RM)
Batting: LHB Chad Aguilar 0-0: Swinging Strike
0-1: Ball
1-1: Swinging Strike
1-2: Ball
2-2: Fly out, F4 (Popup, 34D)
Top of the 9th over - 1 run(s), 3 hit(s), 0 error(s), 3 left on base; Maize HS 3 - Broken Arrow HS 7
Monday, December 5th, 2016 - OOTP Baseball 17.12 Build 75